Map: Corrosion EC

Players

HoldTheDoor - Winner!

  • Race: Protoss Protoss
  • League: Diamond
  • Spawn Location: 11:00

oldkiper

  • Race: Protoss Protoss
  • League: Diamond
  • Spawn Location: 5:00

VOD

Have the link to the VOD?

Description

Time

  • Played on: July 8, 2018, 10:46 a.m.
  • Length: 13:21
Show
View Real Time Build Order
Export as new Build Order

HoldTheDoor Protoss - Winner!

Build Orders:  

Get SALT Encoding   

  12  0:01  Probe  
  13  0:13  Probe  
  14  0:17  Pylon  
  14  0:25  Probe  
  15  0:36  Probe, Gateway  
  16  0:44  Probe  
  16  0:45  Assimilator  
  17  0:56  Assimilator  
  17  1:00  Probe  
  18  1:12  Gateway  
  18  1:13  Probe  
  19  1:25  Cybernetics Core  
  19  1:27  Probe  
  21  1:40  Probe  
  21  1:45  Pylon  
  21  1:52  Probe  
  22  2:01  Warp Gate  
  22  2:03  Stalker x2  
  22  2:04  Probe  
  27  2:11  Pylon  
  27  2:16  Probe  
  28  2:28  Probe  
  29  2:45  Stalker x2  
  32  3:04  Probe  
  33  3:12  Robotics Facility  
  33  3:20  Nexus, Probe  
  34  3:33  Stargate  
  34  3:35  Shield Battery  
  34  3:42  Pylon  
  34  3:44  Probe  
  35  3:56  Probe  
  35  4:01  Observer  
  37  4:12  Stalker, Oracle  
  37  4:14  Stalker  
  41  4:19  Probe  
  41  4:21  Shield Battery  
  45  4:31  Probe  
  46  4:32  Probe  
  47  4:43  Probe  
  47  4:45  Immortal  
  52  4:47  Probe  
  53  5:04  Stalker x2  
  51  5:20  Immortal  
  51  5:21  Probe x2  
  53  5:25  Shield Battery  
  53  5:26  Pylon  
  53  5:33  Probe x2  
  59  5:37  Assimilator  
  59  5:45  Probe x2  
  61  5:57  Probe  
  62  6:08  Stalker  
  62  6:09  Stalker  
  62  6:10  Probe x2  
  68  6:15  Pylon  
  68  6:22  Probe x2  
  68  6:23  Pylon  
  70  6:33  Fleet Beacon  
  70  6:34  Probe  
  70  6:37  Pylon  
  70  6:38  Forge  
  70  6:39  Forge  
  71  6:42  Gateway  
  71  6:44  Probe  
  72  6:47  Gateway  
  72  6:50  Stalker  
  72  6:52  Stalker  
  70  7:17  Stalker  
  70  7:18  Stalker  
  70  7:21  Probe x2  
  76  7:28  Protoss Ground Armor Level 1  
  76  7:29  Assimilator  
  76  7:33  Pylon  
  76  7:35  Protoss Ground Weapons Level 1  
  76  7:36  Photon Cannon  
  76  7:40  Probe, Photon Cannon  
  77  7:46  Immortal  
  81  8:04  Graviton Catapult, Pylon  
  81  8:06  Photon Cannon  
  81  8:13  Stalker x2  
  81  8:19  Zealot  
  87  8:20  Zealot  
  87  8:21  Probe x2  
  87  8:22  Carrier  
  97  8:41  Probe x2  
  99  8:59  Pylon  
  99  9:02  Nexus  
  99  9:12  Probe x2  
  101  9:33  Zealot x4  
  109  9:43  Carrier  
  109  9:46  Photon Cannon  
  109  9:50  Pylon  
  109  9:51  Photon Cannon  
  115  9:53  Pylon  
  115  9:57  Pylon  
  115  10:04  Twilight Council  
  115  10:06  Gateway  
  115  10:09  Pylon  
  115  10:15  Assimilator, Pylon  
  115  10:16  Probe x2  
  115  10:18  Probe  
  118  10:25  Zealot x2  
  118  10:27  Zealot  
  124  10:34  Zealot  
  126  10:37  Protoss Ground Weapons Level 2  
  126  10:38  Assimilator  
  126  10:40  Pylon  
  126  10:41  Protoss Shields Level 1  
  126  10:42  Shield Battery  
  126  10:47  Photon Cannon  
  126  10:49  Photon Cannon  
  126  10:50  Protoss Air Weapons Level 1  
  126  10:52  Pylon  
  126  10:56  Pylon  
  126  11:11  Probe, Carrier  
  133  11:21  Charge  
  133  11:34  Gateway  
  133  11:38  Gateway  
  133  11:40  Gateway  
  133  11:43  Pylon  
  133  11:44  Immortal  
  137  11:50  Zealot x2  
  137  11:53  Sentry x2  
  145  11:56  Probe x2  
  145  11:59  Probe  
  148  12:19  Zealot x4  
  148  12:20  Zealot  
  158  12:29  Immortal  
  162  12:43  Stargate  
Show
View Real Time Build Order
Export as new Build Order

oldkiper Protoss 

Build Orders:  

Get SALT Encoding   

  12  0:01  Probe  
  13  0:13  Probe  
  14  0:20  Pylon  
  14  0:25  Probe  
  15  0:36  Probe  
  15  0:39  Gateway  
  16  0:45  Probe  
  17  0:54  Assimilator  
  17  0:55  Probe  
  17  0:56  Assimilator  
  18  1:07  Probe  
  19  1:16  Probe  
  19  1:18  Gateway  
  19  1:24  Probe  
  20  1:32  Cybernetics Core  
  21  1:34  Probe  
  22  1:46  Pylon  
  22  1:47  Probe  
  23  2:04  Probe  
  24  2:08  Stalker  
  26  2:16  Probe  
  26  2:21  Pylon  
  27  2:28  Probe  
  27  2:29  Stalker  
  30  2:40  Probe  
  31  2:47  Warp Gate  
  31  2:53  Twilight Council  
  31  2:59  Pylon  
  31  3:01  Pylon  
  31  3:17  Stalker x2, Probe  
  36  3:25  Shield Battery  
  36  3:28  Charge  
  36  3:35  Shield Battery  
  36  3:37  Robotics Facility  
  35  3:49  Stalker x2  
  39  3:59  Pylon  
  39  4:04  Pylon  
  39  4:14  Gateway  
  39  4:17  Warp Prism  
  39  4:21  Pylon  
  35  5:19  Stalker x2  
  39  5:28  Nexus  
  39  5:36  Zealot  
  41  5:43  Zealot x2  
  41  5:47  Probe  
  45  5:57  Stalker  
  45  5:59  Probe  
  44  6:07  Zealot x2  
  49  6:11  Probe  
  49  6:20  Forge  
  49  6:23  Assimilator, Probe  
  49  6:24  Assimilator  
  50  6:26  Zealot  
  50  6:27  Zealot  
  54  6:35  Probe  
  55  6:47  Probe  
  56  6:59  Probe  
  43  7:10  Zealot x2  
  43  7:11  Zealot  
  43  7:14  Probe x2  
  43  7:15  Protoss Ground Weapons Level 1  
  45  7:26  Probe x2  
  45  7:28  Gateway  
  45  7:29  Pylon  
  47  7:30  Pylon  
  47  7:35  Probe  
  47  7:36  Probe  
  47  7:43  Probe  
  49  7:44  Probe  
  49  7:49  Zealot x2  
  55  7:52  Probe  
  55  7:53  Probe  
  55  7:57  Shield Battery  
  57  8:03  Photon Cannon  
  57  8:04  Probe  
  57  8:05  Probe  
  59  8:06  Zealot  
  61  8:14  Gateway  
  61  8:17  Probe  
  62  8:20  Gateway  
  62  8:28  Zealot x2  
  62  8:34  Zealot x2  
  70  8:49  Templar Archives  
  70  8:51  Zealot x2  
  70  8:54  Zealot x2  
  78  9:04  Observer  
  79  9:10  Zealot  
  74  9:18  Stalker  
  74  9:19  Stalker  
  74  9:20  Stalker  
  77  9:31  Probe x2  
  75  9:39  Probe x2  
  77  9:45  High Templar  
  77  9:46  High Templar  
  77  9:47  Probe x2, High Templar  
  77  9:50  High Templar  
  77  9:52  Archon  
  87  9:54  Archon  
  87  9:58  Probe x2  
  87  9:59  Zealot  
  91  10:07  Zealot  
  91  10:10  Probe  
  91  10:11  Probe, Protoss Ground Weapons Level 2  
  95  10:22  Probe  
  95  10:23  Probe  
  97  10:30  Pylon  
  97  10:34  Probe, Pylon  
  97  10:35  Probe  
  99  10:42  High Templar  
  101  10:47  Probe  
  101  10:48  Probe  
  103  10:50  Zealot  
  103  10:51  Pylon  
  103  10:52  Zealot  
  103  10:53  Zealot  
  103  10:54  Pylon  
  109  11:01  High Templar x2  
  113  11:14  High Templar x3  
  113  11:15  High Templar  
  113  11:17  Archon  
  113  11:18  Archon x2  
  121  11:21  Observer  
  122  11:36  High Templar x2  
  126  11:42  Observer  
  126  11:46  High Templar  
  126  11:47  High Templar x2  
  133  11:55  Pylon  
  133  11:56  Archon x2, Pylon  
  133  11:57  Pylon x2  
  133  11:59  Psionic Storm  
  133  12:04  Observer  
  134  12:18  High Templar  
  134  12:21  Zealot x2  
  134  12:22  Zealot x3  
  146  12:25  Observer, Archon  
  147  12:46  Observer, Zealot x4  
  147  12:47  Zealot  
  147  12:50  Nexus  
  152  13:05  Stalker  
  117  13:06  Stalker x3  
  117  13:07  Stalker x2  
Tags
 
Matchup
PvP
Spawn Locations
Cross Positions
Add a new tag
Caveats
  • Supply blocks, unpowered buildings, or Contaminate may cause inaccurate times.
  • Supply counts are checked every 10 seconds.